 Dungeon Crawl Stone Soup version 0.30.1 (webtiles) character file.

Game seed: 10980226712305963337

7 BreadTh the Magician (level 2, 22/22 HPs)
             Began as a Djinni Fire Elementalist on July 5, 2023.
             Quit the game on level 1 of the Dungeon.
             The game lasted 00:02:46 (258 turns).

BreadTh the Magician (Djinni Fire Elementalist)      Turns: 258, Time: 00:02:46

Health: 22/22      AC:  3    Str:  7    XL:     2   Next: 5%
Gold:   16         EV: 12    Int: 16    God:
                   SH:  0    Dex: 13

rFire   + + .        e - +0 mace
rCold   x . .        (no shield)
rNeg    . . .        a - +0 robe
rPois   ∞            (no helmet)
rElec   .            (no cloak)
rCorr   .            d - +0 pair of gloves
SInv    .            (boots unavailable)
Will    .....        (no amulet)
Stlth   ++           (no ring)
HPRegen 0.23/turn    (no ring)
MPRegen 0.00/turn

%: no passive effects
@: flying
A: sickness immunity, fire resistance 2, cold vulnerability 1, float, innate
caster, HP casting, extra vitality 1
a: no special abilities


You were on level 1 of the Dungeon.
You visited 1 branch of the dungeon, and saw 1 of its levels.

You collected 16 gold pieces.

Inventory:

Hand Weapons
 e - a +0 mace (weapon)
Armour
 a - a +0 robe (worn)
 d - a +0 pair of gloves (worn)
Potions
 b - a potion of haste {unknown}
 c - a potion of heal wounds {unknown}


   Skills:
 + Level 0.4 Fighting
 + Level 2.3 Dodging
 + Level 1.7 Stealth
 * Level 2.5 Spellcasting


You knew the following spells:

 Your Spells              Type           Power      Damage    Failure   Level
a - Foxfire               Conj/Fire      40%        2x1d6     7%          1
b - Scorch                Fire           20%        2d5       11%         2
c - Volatile Blastmotes   Fire/Tloc      20%        2d11      21%         3
d - Inner Flame           Hex/Fire       10%        N/A       21%         3
e - Flame Wave            Conj/Fire      10%        2d6       56%         4
Your spell library was empty.

Dungeon Overview and Level Annotations

Branches:
Dungeon (1/15)

Altars:

Shops:
D:1 ?


Innate Abilities, Weirdness & Mutations

You are immune to sickness and miasma.
You are immune to poison.
Your flesh is very heat resistant. (rF++)
You are vulnerable to cold. (rC-)
You float through the air rather than walking.
You learn spells naturally, not from books.
Your magical power is your life essence.
You have superior vitality. (+4 MHP)


Message History

You start putting on your armour.
You continue putting on your +0 pair of gloves. x4
You finish putting on your +0 pair of gloves.
You see here a +0 mace.
e - a +0 mace
There is an entrance to Xawnor's Magic Scroll Emporium here.
e - a +0 mace (weapon)
Found a stone staircase leading down. 2 jackals come into view.
There are monsters nearby!
A jackal comes into view.
The jackal barks!
Found a fizzy silvery potion.
The jackal barks! x2
You hit the jackal.
You kill the jackal!
The jackal bites you.
You hit the jackal.
The jackal is severely wounded.
The jackal completely misses you. The jackal bites you. x2
You hit the jackal.
You kill the jackal!
The jackal barely misses you. The jackal misses you.
You hit the jackal but do no damage. The jackal bites you.
The jackal barely misses you.
Casting: Foxfire (safe; 7% risk of failure)
Confirm with . or Enter, or press ? or * to list all spells.
You conjure some foxfire!
The jackal barely misses you.
Casting: Foxfire (safe; 7% risk of failure)
Confirm with . or Enter, or press ? or * to list all spells.
You conjure some foxfire!
* * * LOW HITPOINT WARNING * * *
The foxfire hits the jackal.
You kill the jackal!
You have reached level 2!
You start resting.
Your foxfire dissipates! x3
You start resting.
HP restored.
Are you sure you want to abandon this character and quit the game? (Confirm with "yes".)

...#........
...#............!......
...#..................
..##.................
.###.............#..
##.................#
##................#
####.............†.#
................@..#
............>.....####
.....................#
..............######...
.........####...........
#..#....#####.######....
#....#....##...# #
#..###.#.....#.## #..#
#...#..##..##


There were no monsters in sight!

Vanquished Creatures
  An endoplasm (D:1)
  3 jackals (D:1)
  2 frilled lizards (D:1)
6 creatures vanquished.

Vanquished Creatures (others)
  10 foxfires (D:1)
10 creatures vanquished.

Grand Total: 16 creatures vanquished

Notes
Turn   | Place    | Note
-------+----------+-------------------------------------------
     0 | D:1      | BreadTh the Djinni Fire Elementalist began the quest for
                  | the Orb.
     0 | D:1      | BreadTh set off with the following spells memorised:
                  | Foxfire, Scorch, Volatile Blastmotes, Inner Flame, Flame
                  | Wave.
     0 | D:1      | Reached XP level 1. HP: 15/15 MP: 0/0
   139 | D:1      | Found Xawnor's Magic Scroll Emporium.
   195 | D:1      | Reached XP level 2. HP: 7/22 MP: 0/0
   258 | D:1      | Quit the game

Illustrated notes

Levels and vault maps discovered:
D:1:      wander_arrival_peaceful_grave, layout_rooms, serial_shops, shop

Action                     || total
---------------------------++-------
  Melee: Mace              ||     4
   Cast: Foxfire           ||     5
  Dodge: Dodged            ||     5
